Match 21560643
Unlisted

Match 21560643
End
Kradschützen Motorcycle Team
Selects Italian Combined Arms Battlegroup
Selects Italian Combined Arms Battlegroup
Selects Bersaglieri Squad
Bersaglieri Squad
Kradschützen Motorcycle Team
Construct Light Support Kompanie
Bersaglieri Squad
Panzerjäger Squad
Selects Bersaglieri Bolster
Fire Support Elements
Flakvierling Half-track
2.5-tonne Medical Truck
Selects Breda Model 30 Light Machine Guns
Construct Mechanized Kompanie
lank
TidaL
0
0

Comments sign in to comment!

No comments posted yet!